 Dungeon Crawl Stone Soup version 0.19-a0-805-g0a78ef0 (webtiles) character file.

36 TheGoonsmith the Digger (level 3, -1/19 HPs)
             Began as a Gargoyle Earth Elementalist on June 27, 2016.
             Slain by Natasha (4 damage)
             ... on level 2 of the Dungeon.
             The game lasted 00:02:06 (1599 turns).

TheGoonsmith the Digger (GrEE)                      Turns: 1599, Time: 00:02:07

Health: -1/19      AC:  5    Str: 11    XL:     3   Next: 37%
Magic:  7/7        EV: 12    Int: 16    God:
Gold:   73         SH:  0    Dex: 10    Spells: 1 memorised, 6 levels left

rFire  . . .     SeeInvis .     a - +0 mace
rCold  . . .     Gourm    .     c - +0 robe
rNeg   + . .     Faith    .     (no shield)
rPois  ∞         Spirit   .     (no helmet)
rElec  +         Dismiss  .     (no cloak)
rCorr  .         Reflect  .     (no gloves)
SustAt .         Harm     .     (no boots)
MR     .....                    (no amulet)
Stlth  ++........               (no ring)
                                (no ring)

@: slowed, very slow, not resistant to hostile enchantments, unstealthy
A: negative energy resistance 1, electricity resistance, unbreathing,
petrification resistance, rot immunity, AC +3
a: no special abilities


You were on level 2 of the Dungeon.
You were not hungry.

You visited 1 branch of the dungeon, and saw 2 of its levels.

You collected 73 gold pieces.

Inventory:

Hand Weapons
 a - a +0 mace (weapon)
Missiles
 b - 20 stones (quivered)
Armour
 c - a +0 robe (worn)
Scrolls
 i - a scroll of magic mapping {unknown}
 k - a scroll of remove curse {unknown}
 l - a scroll of identify {unknown}
 o - a scroll of fear {unknown}
Potions
 f - a potion of cure mutation {unknown}
 g - 2 potions of curing {unknown}
 h - a potion of haste
Books
 e - a book of Geomancy

   Spells                             Type                      Level
   a - Sandblast                      Earth                        1
   b - Passwall                       Transmutation/Earth          2
   c - Stone Arrow                    Conjuration/Earth            3
   d - Petrify                        Transmutation/Earth          4
   e - Lee's Rapid Deconstruction     Earth                        5
Comestibles
 d - a bread ration
 j - a beef jerky
 m - a meat ration


   Skills:
 - Level 1.5 Dodging
 - Level 2.1 Stealth
 + Level 2.6 Spellcasting
   Level 0.7 Transmutations
 * Level 4.6 Earth Magic


You had 6 spell levels left.
You knew the following spells:

 Your Spells              Type           Power        Failure   Level  Hunger
a - Sandblast             Erth           ###...       3%          1    #......


Dungeon Overview and Level Annotations

Branches:
Dungeon (2/15)

Altars:
Trog

Annotations:
D:2 Natasha


Innate Abilities, Weirdness & Mutations

You are resistant to torment.
Your stone body is resilient. (AC +3)
You are immune to poison.
You resist negative energy. (rN+)
You are resistant to electric shocks. (rElec)
You can survive without breathing.
You are immune to petrification.
You are immune to rotting.


Message History

The worm is heavily wounded.
The worm bites you!
* * * LOW HITPOINT WARNING * * *
You see here a rat corpse.
Things that are here:
a rat corpse x2
You see here a leather armour.
A worm and Natasha come into view.
Found a short sword.
Found a stone staircase leading down.
Natasha hisses angrily.
Natasha drinks a potion.
Natasha seems to speed up.
Found 17 poisoned needles.
Found a stone staircase leading up.
Natasha casts a spell at you.
You feel yourself slow down.
The worm is no longer berserk.
Natasha mumbles some strange words.
Natasha wildly gestures.
You feel disoriented. Natasha claws you.
You die...

#.# #....## #.#
####### #[# 5..# #.#
##).# #.# ...#
#.##########.##
#..........w..#
############..########
#>..h@....+
##.###.#### #.# .# #.#
.# #(. .# ### .# .# ..


You could see a worm and Natasha.

Vanquished Creatures
  A dart slug (D:2)
  2 giant geckos (D:1)
  3 giant cockroaches
  2 goblins (D:1)
  2 hobgoblins (D:1)
  3 jackals (D:1)
  A quokka (D:2)
  7 bats
  2 kobolds (D:1)
  9 rats
32 creatures vanquished.

Notes
Turn   | Place    | Note
--------------------------------------------------------------
     0 | D:1      | TheGoonsmith the Gargoyle Earth Elementalist began the quest for the Orb.
     0 | D:1      | Reached XP level 1. HP: 10/10 MP: 3/3
   229 | D:1      | Reached skill level 4 in Earth Magic
   229 | D:1      | Reached XP level 2. HP: 15/15 MP: 3/5
   928 | D:1      | Reached XP level 3. HP: 19/19 MP: 4/6
  1461 | D:2      | Noticed a moth of wrath
  1464 | D:2      | Found a bloodstained altar of Trog.
  1594 | D:2      | Noticed Natasha
  1599 | D:2      | Slain by Natasha

Vault maps used:
D:1:      erik_arrival_blinker_ship
D:2:      tgw_trog, uniq_natasha, uniq_sigmund

Skill      XL: |  1 |
---------------+----+-----
Earth Magic    | 4 |  4.6
Dodging        | |  1.5
Stealth        | |  2.1
Spellcasting   | |  2.6
Transmutations | |  0.7

Action                   || total
-------------------------++-------
Melee: Unarmed           ||    53
       Mace              ||     2
 Cast: Sandblast         ||    60
  Eat: Chunk             ||     3
Armor: Robe              ||    46
Dodge: Dodged            ||    84
